 Dungeon Crawl Stone Soup version 0.17-a0-1481-gfdcec5c (webtiles) character file.

43164 nubinia the Eclecticist (level 13, -10/68 HPs)
             Began as a Deep Elf Earth Elementalist on July 3, 2015.
             Was the Champion of Vehumet.
             Mangled by nht's ghost (31 damage)
             ... on level 3 of the Orcish Mines on July 4, 2015.
             The game lasted 03:30:21 (24395 turns).

nubinia the Eclecticist (DEEE)                     Turns: 24395, Time: 03:30:22

Health: -10/68     AC: 20    Str:  8    XL:     13   Next: 89%
Magic:  27/27      EV: 16    Int: 25    God:    Vehumet [******]
Gold:   1267       SH:  3    Dex: 16    Spells: 9 memorised, 16 levels left

rFire  . . .     SeeInvis .     a - +6 dagger (protect)
rCold  . . .     Clarity  .     l - +2 robe {rN+}
rNeg   + + .     SustAt   .     A - +0 buckler
rPois  .         Gourm    .     X - +1 helmet
rElec  .         Spirit   .     Q - +1 cloak
rCorr  .         Warding  +     U - +0 pair of gloves
rMut   .         Stasis   .     G - +1 pair of boots
MR     +....                    K - amulet of warding
Stlth  ++++++....               k - +4 ring of evasion
                                Z - +3 ring of strength

@: stone skin, somewhat resistant to hostile enchantments, very stealthy
A: camouflage 1, low mp 2
a: Renounce Religion


You were on level 3 of the Orcish Mines.
You worshipped Vehumet.
Vehumet was exalted by your worship.
You were very hungry.

You visited 4 branches of the dungeon, and saw 21 of its levels.

You collected 2143 gold pieces.
You spent 876 gold pieces at shops.

Inventory:

Hand weapons
 a - a +6 dagger of protection (weapon)
 B - a +3 blowgun
Missiles
 p - 250 stones (quivered)
 y - 5 needles of confusion
 M - 38 poisoned needles
Armour
 d - a +2 robe of magic resistance
 l - a +2 robe of positive energy (worn)
 z - a +3 leather armour
 A - a +0 buckler (worn)
 G - a +1 pair of boots (worn)
 Q - a +1 cloak (worn)
 U - a +0 pair of gloves (worn)
 X - a +1 helmet (worn)
Magical staves
 b - an uncursed staff of power
Rods
 s - a +3 rod of shadows (16/16)
   (You found it on level 3 of the Dungeon)
 v - a +2 rod of destruction (13/13)
   (You found it on level 2 of the Lair of Beasts)
Jewellery
 k - a +4 ring of evasion (right hand)
 u - an uncursed amulet of resist mutation
 C - an uncursed ring of invisibility
 D - an uncursed ring of protection from fire
 E - an uncursed ring of protection from fire
 K - an amulet of warding (around neck)
 O - an uncursed amulet of stasis
 P - an uncursed ring of positive energy
 T - an uncursed ring of flight
 W - an uncursed amulet of regeneration
 Z - a +3 ring of strength (left hand)
Magical devices
 g - a wand of cold (4)
 I - a wand of draining (5)
 R - a wand of digging (8)
 S - a wand of polymorph (8)
Scrolls
 f - a scroll of teleportation
 h - a scroll of fog
 n - 5 scrolls of remove curse
 J - a scroll of amnesia
 N - a scroll of blinking
 V - a scroll of magic mapping
 Y - a scroll of identify
Potions
 c - 2 potions of agility
 e - 4 potions of haste
 i - 2 potions of might
 j - 3 potions of curing
 o - a potion of brilliance
 t - 2 potions of magic
 x - a potion of heal wounds
 H - 7 potions of flight
 L - 3 potions of invisibility
Miscellaneous
 q - a lantern of shadows
 F - a phial of floods
Comestibles
 m - 15 fruits


   Skills:
 + Level 2.4 Fighting
 + Level 4.2 Short Blades
 + Level 4.2 Throwing
 + Level 8.2 Dodging
 + Level 10.0 Stealth
 + Level 15.3 Spellcasting
 + Level 11.3 Conjurations
 * Level 9.1 Hexes
 + Level 3.0 Transmutations
 + Level 0.4 Fire Magic
 + Level 4.2 Air Magic
 + Level 11.2 Earth Magic
 - Level 2.0 Poison Magic
 + Level 5.4 Evocations


You had 16 spell levels left.
You knew the following spells:

 Your Spells              Type           Power        Failure   Level  Hunger
a - Sandblast             Erth           ######       1%          1    None
b - Stone Arrow           Conj/Erth      ######       1%          3    None
c - Mephitic Cloud        Conj/Pois/Air  #####...     1%          3    None
d - Magic Dart            Conj           ####         1%          1    None
e - Dazzling Spray        Conj/Hex       ######..     1%          3    None
f - Passwall              Trmt/Erth      ######....   1%          3    None
l - Lee's Rapid Deconstr  Erth           ######....   1%          5    #......
m - Bolt of Magma         Conj/Fire/Erth ######....   1%          5    #......
s - Stoneskin             Trmt/Erth      ######..     1%          2    None


Dungeon Overview and Level Annotations

Branches:
Dungeon (11/15)            Temple (1/1) D:4            Lair (5/8) D:11
 Shoals (0/4) Lair:3          Orc (4/4) D:9             Elf (0/3) Orc:3
  Snake: Lair:3-6    Spider: Lair:3-6

Altars:
Ashenzari
Cheibriados
Dithmenos
Elyvilon
Fedhas
Gozag
Kikubaaqudgha
Makhleb
Nemelex Xobeh
Okawaru
Qazlal
Sif Muna
Trog
Vehumet
Zin
The Shining One
Beogh

Shops:
Orc:2 *   Orc:4 [(=(

Annotations:
Lair:5 Rupert
Orc:3 nht's ghost, powerful OgHu


Innate Abilities, Weirdness & Mutations

Your skin changes colour to match your surroundings (Stealth).
Your magical capacity is very low (-20% MP).


Message History

Magic restored.
You start resting.
HP restored.
Casting: Dazzling Spray
Confirm with . or Enter, or press ? or * to list all spells.
Your skin hardens.
You feel your magic capacity decrease.
You feel protected!
a - a +6 dagger of protection (weapon)
You climb upwards.
Level annotation: nht's ghost, powerful OgHu The orc throws a tomahawk.
The tomahawk barely misses you. Nht's ghost closely misses you.
The orc barely misses you. The orc closely misses you.
The orc wizard mumbles some strange words.
The orc wizard flickers and vanishes!
Deactivating autopickup; reactivate with Ctrl-A.
You block the orc's attack. Nht's ghost hits you!! Nht's ghost burns you!
There is a stone staircase leading down, spattered with blood here.
The orc barely misses you. You block the orc's attack. Nht's ghost hits you!!
You die...

#........# #.
#.....#..# #. .
#........#.#.#
##....o.#.....
#...รท<.......#
#...o$.....#
##...)..o...#
#..[..o@....#
##....[oW....#
#....(......#
#............#
#.....g.T..#..#
#........... ..
##........... #
##.#....##..#


You could see a troll, an orc warrior, nht's ghost, 4 orcs and a hobgoblin.

Vanquished Creatures
  Maud (D:10)
  An ettin (Orc:4)
  Erolcha (D:8)
  4 hydras
  An ogre mage (D:10)
  5 orc high priests (Orc:4)
  Nergalle (Orc:1)
  2 hill giants
  12 orc knights
  2 orc sorcerers
  3 ugly things
  A griffon (Lair:3)
  7 spiny frogs
  2 sirens (Lair:3)
  2 black mambas
  Psyche (D:9)
  3 centaur skeletons
  A gargoyle (D:11)
  A kobold demonologist (D:11)
  2 komodo dragons
  2 merfolk (Lair:3)
  2 fire drakes
  A queen bee (Orc:2)
  A polar bear (Lair:5)
  Grinder (D:4)
  Prince Ribbit (D:8)
  2 trolls
  5 blink frogs
  A spriggan (D:10)
  A deep elf mage (D:9)
  A hungry ghost (D:11)
  2 basilisks
  16 yaks
  3 hippogriffs
  7 water moccasins
  5 porcupines
  Duvessa (D:5)
  An ice beast (D:9)
  5 wolves (Lair:3)
  41 orc warriors
  A sky beast (D:7)
  A black bear (D:11)
  2 eyes of draining
  2 necrophages (D:10)
  A phantom (D:4)
  2 centaurs
  10 ogres
  A big kobold (D:9)
  14 crocodiles
  8 giant frogs
  Dowan (D:5)
  2 scorpions
  A gnoll sergeant (D:10)
  17 killer bees
  An electric eel (Lair:5)
  3 wights (D:11)
  38 orc priests
  4 crimson imps
  A wasp zombie (D:11)
  A quasit (D:10)
  14 two-headed ogre zombies (D:10)
  3 iguanas
  4 giant frog skeletons
  6 hounds
  3 jellies
  26 orc wizards
  2 giant frog zombies
  Crazy Yiuf (D:5)
  10 worker ants
  2 hound zombies
  A hound skeleton (D:9)
  A worker ant zombie (D:11)
  15 adders
  5 gnolls (D:10)
  19 river rats
  4 shadow imps
  2 adder zombies
  An adder skeleton (D:8)
  A worm (D:3)
  212 orcs
  12 bats
  A bat skeleton (D:7)
  3 giant cockroaches
  12 hobgoblins
  7 jackals
  5 quokkas
  2 ball pythons
  10 giant geckos
  6 giant newts
  21 goblins
  16 kobolds
  A quokka skeleton (D:6)
  A quokka zombie (D:9)
  13 rats
  A fungus (Lair:2)
706 creatures vanquished.

Vanquished Creatures (collateral kills)
  An ogre (D:5)
  4 killer bees (Orc:2)
  A worm (D:5)
  An orc (D:5)
7 creatures vanquished.

Vanquished Creatures (others)
  2 killer bees (Orc:2)
  7 fungi
  10 plants
19 creatures vanquished.

Grand Total: 732 creatures vanquished

Notes
Turn   | Place    | Note
--------------------------------------------------------------
     0 | D:1      | nubinia the Deep Elf Earth Elementalist began the quest for the Orb.
     0 | D:1      | Reached XP level 1. HP: 10/10 MP: 6/6
   429 | D:1      | Reached XP level 2. HP: 15/15 MP: 6/8
   451 | D:1      | Learned a level 2 spell: Stoneskin
  1110 | D:2      | Found a shadowy altar of Dithmenos.
  1147 | D:2      | Reached skill level 4 in Earth Magic
  1147 | D:2      | Reached XP level 3. HP: 19/19 MP: 8/10
  1544 | D:2      | Learned a level 3 spell: Passwall
  1548 | D:2      | Learned a level 3 spell: Stone Arrow
  1980 | D:3      | Identified a +0 rod of shadows (12/12) (You found it on level 3 of the Dungeon)
  2066 | D:3      | Reached skill level 1 in Conjurations
  2066 | D:3      | Reached XP level 4. HP: 24/24 MP: 9/11
  2712 | D:4      | Noticed a phantom
  2727 | D:4      | Killed a phantom
  2727 | D:4      | Reached XP level 5. HP: 28/28 MP: 1/13
  2824 | D:4      | Found a white marble altar of Elyvilon.
  2980 | D:4      | Reached skill level 5 in Earth Magic
  3047 | D:4      | Noticed Grinder
  3056 | D:4      | Paralysed by Grinder for 4 turns
  3061 | D:4      | Killed Grinder
  3061 | D:4      | Reached skill level 5 in Spellcasting
  3061 | D:4      | Reached XP level 6. HP: 33/33 MP: 0/16
  3377 | D:4      | Reached skill level 6 in Spellcasting
  3520 | D:4      | Found a blossoming altar of Fedhas.
  3557 | D:4      | Found a staircase to the Ecumenical Temple.
  3604 | Temple   | Entered the Ecumenical Temple
  3719 | Temple   | Became a worshipper of Vehumet
  3963 | D:4      | Reached XP level 7. HP: 37/37 MP: 18/18
  4084 | D:5      | Entered Level 5 of the Dungeon
  4139 | D:5      | Noticed Duvessa
  4158 | D:5      | Noticed Dowan
  4177 | D:5      | Killed Duvessa
  4183 | D:5      | Killed Dowan
  4236 | D:5      | Noticed Crazy Yiuf
  4248 | D:5      | Found a snail-covered altar of Cheibriados.
  4262 | D:5      | Killed Crazy Yiuf
  4262 | D:5      | Reached skill level 7 in Spellcasting
  4592 | D:5      | Found a glowing golden altar of the Shining One.
  4714 | D:5      | Found a burning altar of Makhleb.
  4865 | D:5      | Reached skill level 1 in Throwing
  4928 | D:5      | Found a sparkling altar of Nemelex Xobeh.
  4981 | D:5      | Reached XP level 8. HP: 42/42 MP: 18/20
  5424 | D:6      | Acquired Vehumet's first power
  5424 | D:6      | Offered knowledge of Freeze by Vehumet.
  5474 | D:6      | Reached skill level 1 in Short Blades
  5971 | D:6      | Reached skill level 5 in Stealth
  6281 | D:6      | Reached skill level 5 in Conjurations
  6725 | D:7      | Reached skill level 8 in Spellcasting
  6957 | D:7      | Offered knowledge of Magic Dart by Vehumet.
  6960 | D:7      | Learned a level 1 spell: Magic Dart
  6965 | D:7      | Learned a level 4 spell: Petrify
  6971 | D:7      | Learned a level 5 spell: Lee's Rapid Deconstruction
  7211 | D:7      | Found an ancient bone altar of Kikubaaqudgha.
  7213 | D:7      | Found a blossoming altar of Fedhas.
  7421 | D:7      | Found a deep blue altar of Sif Muna.
  7662 | D:7      | Found an iron altar of Okawaru.
  7821 | D:8      | Noticed Prince Ribbit
  7910 | D:7      | Upgraded the game from 0.17-a0-1479-g4041c36 to 0.17-a0-1481-gfdcec5c
  8000 | D:8      | Reached skill level 1 in Fighting
  8000 | D:8      | Reached XP level 9. HP: 45/47 MP: 21/23
  8031 | D:8      | Killed Prince Ribbit
  8272 | D:8      | Offered knowledge of Mephitic Cloud by Vehumet.
  8277 | D:8      | Learned a level 3 spell: Mephitic Cloud
  8367 | D:8      | Noticed Erolcha
  8597 | D:8      | Killed Erolcha
  8597 | D:8      | Reached skill level 9 in Spellcasting
  8829 | D:9      | Reached skill level 1 in Poison Magic
  8896 | D:9      | Acquired Vehumet's second power
  8896 | D:9      | Reached skill level 5 in Dodging
  8924 | D:9      | Noticed Psyche
  8961 | D:9      | Killed Psyche
  8961 | D:9      | Reached skill level 1 in Air Magic
  9132 | D:9      | Reached XP level 10. HP: 49/52 MP: 14/25
  9300 | D:9      | Offered knowledge of Olgreb's Toxic Radiance by Vehumet.
  9463 | D:9      | Found a staircase to the Orcish Mines.
  9688 | D:9      | Reached skill level 10 in Spellcasting
  9981 | D:10     | Entered Level 10 of the Dungeon
 10055 | D:10     | Acquired Vehumet's third power
 10064 | D:10     | Noticed Maud
 10161 | D:10     | Killed Maud
 10423 | D:10     | Offered knowledge of Lightning Bolt by Vehumet.
 10465 | D:10     | Reached skill level 11 in Spellcasting
 10633 | D:10     | Noticed a hill giant
 10642 | D:10     | Killed a hill giant
 10747 | D:10     | Reached XP level 11. HP: 56/56 MP: 18/28
 11137 | D:10     | Noticed an ogre mage
 11265 | D:10     | Killed an ogre mage
 11583 | D:11     | Reached skill level 12 in Spellcasting
 11747 | D:11     | Offered knowledge of Orb of Destruction by Vehumet.
 11754 | D:11     | Noticed a five-headed hydra
 11773 | D:11     | Killed a five-headed hydra
 11925 | D:11     | Found a staircase to the Lair.
 12106 | D:11     | Noticed a hill giant
 12112 | D:11     | Killed a hill giant
 12260 | D:11     | Reached skill level 10 in Earth Magic
 12316 | Lair:1   | Entered Level 1 of the Lair of Beasts
 12443 | Lair:1   | Gained mutation: Your magical capacity is low (-10% MP). [potion of mutation]
 12443 | Lair:1   | Gained mutation: Your magical capacity is very low (-20% MP). [potion of mutation]
 12443 | Lair:1   | Gained mutation: Your skin changes colour to match your surroundings (Stealth). [potion of mutation]
 12944 | Lair:1   | Reached skill level 10 in Conjurations
 12969 | Lair:1   | Learned a level 5 spell: Bolt of Magma
 13635 | Lair:2   | Reached XP level 12. HP: 62/62 MP: 19/25
 13696 | Lair:2   | Identified a +2 rod of destruction (13/13) (You found it on level 2 of the Lair of Beasts)
 14143 | Lair:2   | Reached skill level 13 in Spellcasting
 14464 | Lair:3   | Learned a level 3 spell: Dazzling Spray
 14555 | Lair:3   | Reached skill level 1 in Evocations
 14567 | Lair:3   | Reached skill level 1 in Hexes
 14707 | Lair:3   | Noticed a five-headed hydra
 14714 | Lair:3   | Killed a five-headed hydra
 14857 | Lair:3   | Found a staircase to the Shoals.
 16351 | Lair:4   | Reached skill level 5 in Hexes
 16579 | Lair:4   | Noticed a six-headed hydra
 16582 | Lair:4   | Killed a six-headed hydra
 16843 | Lair:4   | Noticed an eight-headed hydra
 16881 | Lair:4   | Killed an eight-headed hydra
 16974 | Lair:5   | Reached skill level 14 in Spellcasting
 17306 | Lair:5   | Noticed Rupert
 17391 | Lair:5   | Offered knowledge of Fulminant Prism by Vehumet.
 17566 | Lair:1   | Reached XP level 13. HP: 61/67 MP: 26/26
 17692 | Orc:1    | Entered Level 1 of the Orcish Mines
 17701 | Orc:1    | Noticed Nergalle
 17712 | Orc:1    | Killed Nergalle
 19197 | Orc:3    | Reached skill level 5 in Evocations
 19443 | Orc:2    | Found Hyfumy's General Store.
 19461 | Orc:2    | Bought a scroll of enchant weapon for 112 gold pieces
 19556 | Orc:3    | Offered knowledge of Delayed Fireball by Vehumet.
 19997 | Orc:3    | Found a roughly hewn altar of Beogh.
 20110 | Orc:3    | Found a staircase to the Elven Halls.
 20394 | Orc:4    | Entered Level 4 of the Orcish Mines
 20501 | Orc:3    | Noticed nht's ghost (powerful OgHu)
 23146 | Orc:4    | Reached skill level 15 in Spellcasting
 23241 | Orc:4    | Offered knowledge of Venom Bolt by Vehumet.
 23545 | Orc:4    | Reached skill level 10 in Stealth
 24029 | Orc:4    | Found Bikhlaas's Antique Weapon Boutique.
 24032 | Orc:4    | Found Moipnomp's Antique Weapon Boutique.
 24033 | Orc:4    | Found Poavua's Armour Boutique.
 24034 | Orc:4    | Found Ybbao's Jewellery Shop.
 24037 | Orc:4    | Bought a +0 buckler for 54 gold pieces
 24047 | Orc:4    | Bought an uncursed amulet of warding for 150 gold pieces
 24047 | Orc:4    | Bought an uncursed ring of positive energy for 200 gold pieces
 24047 | Orc:4    | Bought a +4 ring of evasion for 360 gold pieces
 24395 | Orc:3    | Mangled by nht's ghost

Vault maps used:
D:1:      zelgadis_glass_arrival_small
D:2:      forest_paths, lemuel_doored_altar, first_bread, minmay_strange_pillars
D:3:      kennysheep_big_flooded_room
D:4:      old_standard_altar, minmay_temple_entry_junction, fedhas_altar_4,
          uniq_grinder
D:5:      slow_altar_1, lemuel_crystal_altar, lemuel_crystal_altar,
          kennysheep_little_box, uniq_duvessa, uniq_crazy_yiuf_cottage
D:7:      grunt_temple_overflow_growth_and_decay, lemuel_blue_sif_altar,
          okawaru_gym_becter
D:8:      uniq_prince_ribbit1, uniq_erolcha
D:9:      nicolae_overflow_hidden_temple, hiddenorc1_lemuel, uniq_psyche
D:10:     lemuel_ogre_cave, the_bakery, uniq_sonja, uniq_maud
D:11:     lair_0_dummy
Temple:   circular_temple_6
Lair:3:   elwin_shoals_entry_stream
Lair:4:   beast_lair_carwin_1
Lair:5:   beast_lair_carwin_large_3, cheibrodos_lair_caveside_slide,
          nicolae_quartered_pool_medium, uniq_rupert
Orc:1:    uniq_nergalle
Orc:2:    serial_shops, shop, special_room
Orc:3:    special_room, nicolae_orc_pool_cavern
Orc:4:    st_orc_pillars

Action                   |  1- 3 |  4- 6 |  7- 9 | 10-12 | 13-15 || total
-------------------------+-------+-------+-------+-------+-------++-------
Melee: Short sword       |    26 |    38 |   211 |    22 |       ||   297
       Dagger            |       |       |       |   490 |   123 ||   613
       Staff             |       |       |       |       |     2 ||     2
 Fire: Blowgun           |       |       |    16 |    22 |   114 ||   152
 Cast: Sandblast         |    45 |    54 |    64 |   162 |   113 ||   438
       Stoneskin         |     3 |     1 |    11 |    19 |    18 ||    52
       Stone Arrow       |       |     9 |    41 |   149 |    38 ||   237
       Magic Dart        |       |       |     2 |     4 |    44 ||    50
       Mephitic Cloud    |       |       |     8 |    98 |   124 ||   230
       Lee's Rapid Decon |       |       |       |    12 |     3 ||    15
       Bolt of Magma     |       |       |       |     9 |     3 ||    12
       Passwall          |       |       |       |     3 |       ||     3
       Dazzling Spray    |       |       |       |     7 |   265 ||   272
 Abil: Evoke Flight      |       |       |       |     2 |       ||     2
Evoke: Rod               |       |       |     1 |     5 |     2 ||     8
       Wand              |       |       |       |     1 |       ||     1
  Use: Scroll            |     7 |       |    13 |     8 |     2 ||    30
       Potion            |     1 |     3 |     4 |     4 |       ||    12
 Stab: Sleeping          |     7 |     4 |    18 |    12 |     1 ||    42
       Confused          |       |       |       |    41 |    16 ||    57
       Distracted        |       |       |       |     1 |     1 ||     2
       Invisible         |       |       |       |     1 |    16 ||    17
  Eat: Chunk             |     4 |     6 |    15 |    31 |    23 ||    79
       Pizza             |       |       |     1 |       |       ||     1
